 Dungeon Crawl Stone Soup version 0.22.1-2-g9c5b331 (webtiles) character file.

36567 lysyklops the Fighter (level 13, -5/87 HPs)
             Began as a Gargoyle Fighter on Dec 20, 2018.
             Was an Elder of Qazlal.
             Slain by a tyrant leech (15 damage)
             ... on level 6 of the Lair of Beasts.
             The game lasted 00:39:53 (17360 turns).

lysyklops the Fighter (Gargoyle Fighter)           Turns: 17360, Time: 00:39:54

Health: -5/87      AC: 32    Str: 25    XL:     13   Next: 91%
Magic:  20/20      EV:  8    Int:  9    God:    Qazlal [****..]
Gold:   626        SH: 18    Dex:  9    Spells: 12/12 levels left

rFire    . . .     SeeInvis .   a - +0 flail
rCold    . . .     Gourm    +   c - +0 shield
rNeg     + . .     Faith    .   e - +0 chain mail (curse)
rPois    ∞         Spirit   .   (no helmet)
rElec    +         Reflect  .   I - +1 cloak {rPois}
rCorr    .         Harm     .   B - +0 pair of gloves
MR       +....                  w - +2 pair of boots
Stlth    ..........             R - amulet of the gourmand
HPRegen  0.24/turn              N - +3 ring of protection
MPRegen  0.17/turn              r - ring of protection from magic

@: about to teleport, slowed, repel missiles, very slow
A: negative energy resistance 1, electricity resistance, unbreathing,
petrification resistance, rot immunity, AC +9
a: Upheaval, Elemental Force, Renounce Religion


You were on level 6 of the Lair of Beasts.
You worshipped Qazlal.
Qazlal was greatly pleased with you.
You were not hungry.

You visited 3 branches of the dungeon, and saw 20 of its levels.
You also visited: Sewer.

You collected 828 gold pieces.
You spent 202 gold pieces at shops.

Inventory:

Hand Weapons
 a - a +0 flail (weapon)
Armour
 c - a +0 shield (worn)
 e - a cursed +0 chain mail (worn)
 w - a +2 pair of boots (worn)
 B - a +0 pair of gloves (worn)
 I - a +1 cloak of poison resistance (worn)
Jewellery
 g - an uncursed ring of protection from cold
 r - a ring of protection from magic (right hand)
 E - an uncursed ring of positive energy
 N - a +3 ring of protection (left hand)
 R - an amulet of the gourmand (around neck)
Wands
 t - a wand of flame (84)
 x - a wand of paralysis (32)
 y - a wand of disintegration (14)
 C - a wand of digging (13)
 K - a wand of scattershot (4)
 L - a wand of acid (8)
 M - a wand of iceblast (11)
 O - a wand of polymorph (11)
Scrolls
 b - 6 scrolls of remove curse
 i - 9 scrolls of teleportation
 k - 3 scrolls of immolation
 n - 3 scrolls of fear {unknown}
 q - a scroll of magic mapping
 u - 2 scrolls of blinking {unknown}
 F - 2 scrolls of vulnerability
 H - 7 scrolls of identify
 J - 3 scrolls of fog
 P - a scroll of torment {unknown}
Potions
 d - 2 potions of might
 h - 5 potions of lignification
 j - 4 potions of curing
 l - 5 potions of flight
 m - 4 potions of agility
 o - 4 potions of haste
 p - 5 potions of cancellation
 s - a potion of degeneration
 v - 2 potions of berserk rage
 A - 2 potions of brilliance
 G - a potion of invisibility {unknown}
Comestibles
 f - 27 rations


   Skills:
 + Level 12.3 Fighting
 + Level 11.1 Maces & Flails
 + Level 12.3 Armour
 + Level 12.3 Shields
 + Level 9.6 Invocations


You had 12 spell levels left.
You didn't know any spells.
Your spell library contained the following spells:

 Spells                   Type           Power        Failure   Level  Hunger
 Animate Skeleton         Necr           N/A          95%         1    ##.....
 Apportation              Tloc           #.....       95%         1    ##.....
 Confusing Touch          Hex            #.....       95%         1    ##.....
 Summon Small Mammal      Summ           #...         95%         1    ##.....
 Poisonous Vapours        Pois/Air       #.....       98%         2    ###....
 Conjure Flame            Conj/Fire      #.......     100%        3    ####...
 Mephitic Cloud           Conj/Pois/Air  #.......     100%        3    ####...
 Summon Lightning Spire   Summ/Air       #.......     100%        4    #####..
 Silence                  Hex/Air        #.........   100%        5    ######.
 Conjure Ball Lightning   Conj/Air       #.........   100%        6    #######
 Deflect Missiles         Chrm/Air       #.........   100%        6    #######
 Freezing Cloud           Conj/Ice/Air   #.........   100%        6    #######
 Ring of Flames           Chrm/Fire      #.........   100%        7    #######
 Tornado                  Air            #.........   100%        9    #######


Dungeon Overview and Level Annotations

Branches:
Dungeon (13/15)            Temple (1/1) D:6            Lair (6/6) D:10
  Swamp (0/4) Lair:2        Snake (0/4) Lair:3        Slime (0/5) Lair:6
    Orc: D:9-12      Vaults: D:13-14

Altars:
Ashenzari
Cheibriados
Dithmenos
Elyvilon
Fedhas
Gozag
Hepliaklqana
Kikubaaqudgha
Makhleb
Nemelex Xobeh
Okawaru
Qazlal
Ru
Sif Muna
Trog
Uskayaw
Vehumet
Wu Jian
Xom
Zin
The Shining One
Beogh

Shops:
D:4 }   D:10 [=

Annotations:
D:6 3 runed doors, havocjr2's ghost, novice GnFi
D:13 Azrael; Snorg
Lair:1 exclusion: 2 oklob plants
Lair:5 3 runed doors, Vuss's ghost, journeyman DDFi
Lair:6 1 runed door


Innate Abilities, Weirdness & Mutations

You are resistant to torment.
Your stone body is resilient. (AC +9)
You are immune to poison.
You resist negative energy. (rN+)
You are resistant to electric shocks. (rElec)
You can survive without breathing.
You are immune to petrification.
You are immune to rotting.


Message History

The tyrant leech bites you but does no damage.
You closely miss the tyrant leech.
The tyrant leech is moderately wounded.
You block the tyrant leech's attack.
You barely miss the tyrant leech.
The tyrant leech is moderately wounded.
The hornet is engulfed in blazing flames.
The hornet stings you but does no damage.
The hornet is engulfed in blazing flames.
The hornet stings you but does no damage.
You block the tyrant leech's attack.
The hornet is engulfed in blazing flames.
The hornet stings you.
* * * LOW HITPOINT WARNING * * *
As you read the scroll of teleportation, it crumbles to dust.
You feel strangely unstable.
The hornet is engulfed in blazing flames.
The hornet stings you but does no damage.
The tyrant leech bites you!
You die...

.....PP..# #..#.....#
###.#...## ##....P##
# #####..## #.##
#....# .#.## ##..###
..#.# #..##
####....#.. ###..#
##@#.......# +#...##
#w#y...P.# ##P..###
###..§.###.# #8..##.#
###....w##
##....#####.....#..#
###...#.#....###....P
##........## ##.....
###.P.##.# ####.
########


You could see a tyrant leech, a torpor snail and a hornet.

Vanquished Creatures
  6 hydras
  A catoblepas (Lair:6)
  4 two-headed ogres
  Nergalle (Lair:3)
  A lindwurm (Lair:6)
  Pikel (D:6)
  3 black mambas
  6 elephants (Lair:5)
  4 torpor snails
  5 spiny frogs
  7 komodo dragons
  A rime drake (Lair:6)
  2 tyrant leeches (Lair:6)
  5 hornets (Lair:6)
  A troll (D:9)
  Grinder (D:5)
  3 slime creatures
  5 dream sheep (Lair:4)
  3 blink frogs (Lair:5)
  Sigmund (D:6)
  5 hippogriffs
  2 spriggans
  A shadow (D:13)
  3 basilisks (D:10)
  3 wyverns
  27 yaks
  2 hungry ghosts
  2 steam dragons
  A warg (Lair:5)
  A hell hound (D:13)
  Duvessa (D:4)
  10 porcupines
  12 water moccasins
  A swamp drake (D:10)
  Purgy (Sewer)
  6 orc warriors
  A sky beast (D:7)
  2 black bears
  4 ogres
  4 phantoms
  2 necrophages
  5 wolves
  7 centaurs
  4 big kobolds
  10 crocodiles
  10 bullfrogs
  Dowan (D:4)
  2 scorpions
  2 electric eels (Lair:3)
  4 howler monkeys
  3 crimson imps
  A bullfrog zombie (D:12)
  2 centaur skeletons
  5 orc priests
  6 hounds
  21 orc wizards
  3 bullfrog skeletons
  10 jellies
  A gnoll shaman (D:10)
  2 iguanas
  7 worker ants
  A hound zombie (D:7)
  A worker ant zombie (D:8)
  12 adders
  10 gnolls
  2 shadow imps
  6 oozes
  2 adder skeletons
  4 worms
  4 dart slugs
  8 leopard geckos
  53 orcs
  3 ball pythons
  14 bats
  4 giant cockroaches
  5 goblins
  10 hobgoblins
  10 jackals
  20 kobolds
  6 quokkas
  6 frilled lizards
  6 rats
445 creatures vanquished.

Vanquished Creatures (others)
  An orc wizard (D:8)
  8 fungi
  14 plants
  10 toadstools (D:5)
33 creatures vanquished.

Grand Total: 478 creatures vanquished

Notes
Turn   | Place    | Note
-------+----------+-------------------------------------------
     0 | D:1      | lysyklops the Gargoyle Fighter began the quest for the Orb.
     0 | D:1      | Reached XP level 1. HP: 14/14 MP: 1/1
    89 | D:1      | Reached XP level 2. HP: 17/19 MP: 2/2
   296 | D:1      | Reached XP level 3. HP: 24/24 MP: 3/3
   710 | D:2      | Found a shattered altar of Ashenzari.
   798 | D:2      | Reached XP level 4. HP: 24/29 MP: 4/4
  1262 | D:2      | Found a burning altar of Makhleb.
  1274 | D:2      | Found an ornate altar of the Wu Jian Council.
  1274 | D:2      | Found a radiant altar of Vehumet.
  1293 | D:2      | Found a deep blue altar of Sif Muna.
  1589 | D:3      | Reached XP level 5. HP: 29/33 MP: 5/5
  1698 | D:3      | Found a snail-covered altar of Cheibriados.
  1772 | D:3      | Found a blossoming altar of Fedhas.
  2435 | D:4      | Reached XP level 6. HP: 39/39 MP: 6/6
  2493 | D:4      | Found Inus's Gadget Boutique.
  2623 | D:4      | Reached skill level 5 in Fighting
  2907 | D:4      | Noticed Duvessa
  2910 | D:4      | Noticed Dowan
  2912 | D:4      | Reached skill level 5 in Armour
  2912 | D:4      | Reached skill level 5 in Shields
  2912 | D:4      | Reached XP level 7. HP: 40/44 MP: 7/7
  2930 | D:4      | Killed Duvessa
  2940 | D:4      | Killed Dowan
  3114 | D:4      | Found a hazy altar of Hepliaklqana.
  3216 | D:4      | Found a sparkling altar of Nemelex Xobeh.
  3530 | D:5      | Entered Level 5 of the Dungeon
  3791 | D:5      | Reached XP level 8. HP: 43/51 MP: 8/8
  3816 | D:5      | Found a glowing drain.
  3820 | Sewer    | Entered a sewer
  3861 | Sewer    | Noticed Purgy
  3881 | Sewer    | Killed Purgy
  3937 | D:5      | Noticed Grinder
  3956 | D:5      | Paralysed by Grinder for 4 turns
  3976 | D:5      | Killed Grinder
  3976 | D:5      | Reached skill level 5 in Maces & Flails
  4325 | D:5      | Noticed a slime creature
  4366 | D:5      | HP: 2/52 [slime creature (13)]
  4670 | D:5      | Killed a slime creature
  4912 | D:5      | Reached XP level 9. HP: 41/57 MP: 9/9
  5328 | D:5      | Got a spiked scale mail
  5339 | D:5      | Identified the +3 scale mail "Vydghe" {+Inv Int+4 Dex-5}
                  | (You found it on level 5 of the Dungeon)
  5900 | D:6      | Noticed Sigmund
  5905 | D:6      | Found a staircase to the Ecumenical Temple.
  5911 | D:6      | Killed Sigmund
  5919 | Temple   | Entered the Ecumenical Temple
  5953 | Temple   | Became a worshipper of Qazlal Stormbringer
  6048 | D:6      | Found a runed gate.
  6048 | D:6      | Found a runed gate.
  6048 | D:6      | Found a runed gate.
  6048 | D:6      | Found an opulent altar of Gozag.
  6049 | D:6      | Noticed a cyclops
  6049 | D:6      | Noticed havocjr2's ghost (novice GnFi)
  6231 | D:6      | Noticed Pikel
  6273 | D:6      | Killed Pikel
  6725 | D:7      | Reached skill level 1 in Invocations
  6725 | D:7      | Reached XP level 10. HP: 64/64 MP: 10/10
  7264 | D:7      | Reached * piety under Qazlal
  7930 | D:8      | Found a white marble altar of Elyvilon.
  8446 | D:8      | Reached ** piety under Qazlal
  8820 | D:9      | Noticed a two-headed ogre
  8829 | D:9      | Killed a two-headed ogre
  9554 | D:10     | Entered Level 10 of the Dungeon
  9554 | D:10     | Noticed a two-headed ogre
  9653 | D:9      | Killed a two-headed ogre
  9653 | D:9      | Reached XP level 11. HP: 38/71 MP: 14/14
 10061 | D:10     | Reached *** piety under Qazlal
 10161 | D:10     | Found Pecreech's Jewellery Emporium.
 10256 | D:10     | Found Laekhlugg's Armour Boutique.
 10288 | D:10     | Bought a +1 cloak of poison resistance for 202 gold pieces
 10399 | D:10     | Reached skill level 5 in Invocations
 10647 | D:10     | Found a staircase to the Lair.
 10786 | D:10     | You fall through a shaft for 3 floors!
 10855 | D:13     | Noticed Azrael
 10859 | D:13     | Noticed Snorg
 11033 | D:12     | Found a roughly hewn altar of Beogh.
 11144 | D:11     | Noticed a two-headed ogre
 11149 | D:11     | Reached **** piety under Qazlal
 11182 | D:11     | Reached skill level 10 in Fighting
 11183 | D:11     | Noticed a two-headed ogre
 11188 | D:11     | Killed a two-headed ogre
 11188 | D:11     | Reached skill level 10 in Armour
 11188 | D:11     | Reached skill level 10 in Shields
 11194 | D:11     | Killed a two-headed ogre
 11449 | Lair:1   | Entered Level 1 of the Lair of Beasts
 11865 | Lair:1   | Reached XP level 12. HP: 65/78 MP: 16/16
 12522 | Lair:2   | Noticed a seven-headed hydra
 12535 | Lair:2   | Killed a seven-headed hydra
 12578 | Lair:2   | Noticed a seven-headed hydra
 12582 | Lair:2   | Killed a seven-headed hydra
 12625 | Lair:2   | You fall through a shaft!
 12723 | Lair:3   | Noticed a five-headed hydra
 12736 | Lair:3   | Killed a five-headed hydra
 12891 | Lair:3   | Noticed Nergalle
 12911 | Lair:3   | Killed Nergalle
 13034 | Lair:3   | Reached skill level 10 in Maces & Flails
 13166 | Lair:3   | Found a staircase to the Snake Pit.
 13517 | Lair:2   | Found a staircase to the Swamp.
 13799 | Lair:2   | Noticed a six-headed hydra
 13815 | Lair:2   | Killed a six-headed hydra
 14276 | Lair:4   | Reached XP level 13. HP: 66/84 MP: 19/19
 15137 | Lair:5   | Found a runed gate.
 15137 | Lair:5   | Found a runed gate.
 15137 | Lair:5   | Found a runed gate.
 15298 | Lair:5   | Found a sacrificial altar of Ru.
 15437 | Lair:5   | Noticed Vuss's ghost (journeyman DDFi)
 16245 | Lair:6   | Entered Level 6 of the Lair of Beasts
 17018 | Lair:6   | Found a staircase to the Slime Pits.
 17089 | Lair:6   | Reached ***** piety under Qazlal
 17257 | Lair:6   | Found a runed door.
 17346 | Lair:6   | HP: 6/129 [tyrant leech (5)]
 17360 | Lair:6   | Slain by a tyrant leech

Skill      XL: |  1  2  3  4  5  6  7  8  9 10 11 12 13 |
---------------+----------------------------------------+-----
Fighting       | 4 5 7 8 9 10 11 12 | 12.3
Shields        | 4 5 6 8 9 10 11 12 | 12.3
Armour         | 4 5 6 8 9 10 11 12 | 12.3
Maces & Flails | 3 4 5 7 8 9 10 11 | 11.1
Invocations    | 1 4 6 8 9 |  9.6

Action                   |  1- 3 |  4- 6 |  7- 9 | 10-12 | 13-15 || total
-------------------------+-------+-------+-------+-------+-------++-------
Melee: Flail             |   140 |   269 |   507 |  1204 |   499 ||  2619
Invok: Upheaval          |       |       |       |     2 |     2 ||     4
       Elemental Force   |       |       |       |       |     1 ||     1
  Use: Potion            |       |     1 |       |     5 |     6 ||    12
       Scroll            |       |       |     7 |    10 |     1 ||    18
  Eat: Chunk             |       |     7 |    10 |    27 |    10 ||    54
       Ration            |       |       |     1 |     2 |     1 ||     4
Armor: Scale mail        |    96 |   126 |   336 |   238 |       ||   796
       Skin              |       |     2 |       |     6 |    12 ||    20
       Chain mail        |       |       |       |   443 |   229 ||   672
Dodge: Dodged            |    71 |    82 |   161 |   317 |   104 ||   735
       Deflected         |       |       |       |     4 |       ||     4
Block: Shield            |   113 |   150 |   329 |  1012 |   482 ||  2086
